 Dungeon Crawl Stone Soup version 0.19.0-22-gd96e5fe (webtiles) character file.

31677 vev the Severer (level 13, 0/116 HPs)
             Began as a Hill Orc Gladiator on Nov 19, 2016.
             Was a High Priest of Makhleb.
             Slain by a vault guard
             ... wielding a +2 war axe of electrocution
              (14 damage)
             ... on level 13 of the Dungeon.
             The game lasted 00:23:37 (15099 turns).

vev the Severer (Hill Orc Gladiator)               Turns: 15099, Time: 00:23:38

Health: 0/116      AC: 28    Str: 23    XL:     13   Next: 59%
Magic:  22/22      EV: 13    Int:  4    God:    Makhleb [*****.]
Gold:   441        SH:  0    Dex: 14    Spells: 0 memorised, 12 levels left

rFire  . . .     SeeInvis +     m - +5 battleaxe (freeze)
rCold  . . .     Gourm    .     h - +6 chain mail of the Serpent {rPois Str+3 Int-4}
rNeg   . . .     Faith    .     (shield currently unavailable)
rPois  +         Spirit   .     c - +2 helmet
rElec  .         Reflect  .     J - +0 cloak
rCorr  .         Harm     .     (no gloves)
MR     .....                    s - +0 pair of boots
Stlth  ..........               (no amulet)
                                L - ring of see invisible
                                D - +4 ring of protection

@: no status effects
A: no striking features
a: Minor Destruction, Lesser Servant of Makhleb, Major Destruction, Greater
Servant of Makhleb, Renounce Religion


You were on level 13 of the Dungeon.
You worshipped Makhleb.
Makhleb was extremely pleased with you.
You were not hungry.

You visited 2 branches of the dungeon, and saw 14 of its levels.
You also visited: Ice Cave.

You collected 678 gold pieces.
You spent 237 gold pieces at shops.

Inventory:

Hand Weapons
 m - a +5 battleaxe of freezing (weapon)
Missiles
 f - 3 throwing nets (quivered)
Armour
 c - a +2 helmet (worn)
 h - the +6 chain mail of the Serpent (worn) {rPois Str+3 Int-4}
   (You bought it in a shop on level 10 of the Dungeon)

   It affects your strength (+3).
   It affects your intelligence (-4).
   It protects you from poison.
 s - a +0 pair of boots (worn)
 J - a +0 cloak (worn)
Jewellery
 q - an uncursed ring of ice
 D - a +4 ring of protection (left hand)
 L - a ring of see invisible (right hand)
Wands
 p - a wand of random effects (0/48)
 w - a wand of slowing (42/48)
 A - a wand of paralysis (9/24)
 H - a wand of polymorph (13/24)
Scrolls
 a - 2 scrolls of identify
 i - 3 scrolls of recharging
 j - 6 scrolls of remove curse
 k - a scroll of teleportation {unknown}
 l - 6 scrolls of immolation
 n - a scroll of magic mapping {unknown}
 u - a scroll of fear
 y - 4 scrolls of fog
 C - 3 scrolls of amnesia
 G - a scroll of silence {unknown}
Potions
 e - 2 potions of ambrosia
 o - 2 potions of brilliance
 F - a potion of cancellation
 I - a potion of mutation {unknown}
Comestibles
 b - 4 chunks of flesh
 d - 10 bread rations
 g - 5 meat rations
 r - 23 fruits


   Skills:
 + Level 11.4 Fighting
 * Level 16.4 Axes
 - Level 1.7 Throwing
 + Level 10.1 Armour
 + Level 8.2 Dodging
 * Level 12.6 Invocations


You had 12 spell levels left.
You didn't know any spells.

Dungeon Overview and Level Annotations

Branches:
Dungeon (13/15)            Temple (1/1) D:7            Lair (0/6) D:10
    Orc (0/2) D:10
 Vaults: D:13-14

Altars:
Ashenzari
Cheibriados
Dithmenos
Elyvilon
Fedhas
Hepliaklqana
Kikubaaqudgha
Makhleb
Nemelex Xobeh
Okawaru
Ru
Sif Muna
Trog
Uskayaw
Vehumet
Xom
Yredelemnul
The Shining One

Shops:
D:10 *   D:12 =

Annotations:
D:5 1 runed door


Message History

Your orange demon stings the vault guard but does no damage.
Your hellwing closely misses the wizard. x2
Unknown command.
Unknown command.
You slash the vault guard! You freeze the vault guard.
The vault guard is heavily wounded.
Your orange demon stings the vault guard.
Your orange demon barely misses the vault guard.
The vault guard completely misses you.
The vault guard hits your orange demon with a war axe of electrocution!
There is a sudden explosion of sparks!
You closely miss the vault guard.
The vault guard is severely wounded.
Your hellwing barely misses the wizard. x2
Your orange demon closely misses the vault guard.
Your orange demon barely misses the vault guard.
The vault guard hits you with a war axe of electrocution.
* * * LOW HITPOINT WARNING * * *
You are electrocuted!
You die...

#########........................
#.......................#
#(......................#
#.......................#
#.......................#
#................
#########................
.........................
####...........@4#######
#..##########p### #..#


#ppc# #####..##########c#4####### ..............)(.p.(.......
.............≈≈≈(.....≈≈≈≈. ###########.≈≈≈≈≈(.(.≈≈≈≈≈≈ #.≈≈≈≈≈≈(...≈≈≈≈≈≈
#.≈≈≈≈≈≈≈)..≈≈≈≈≈≈ You could see 3 vault guards, 2 yaktaurs, a wizard
(invisible), a friendly orange demon and a friendly hellwing.

Vanquished Creatures
  A white draconian (IceCv)
  The ghost of grisgris the Carver, a journeyman MiMo of Qazlal (D:11)
  The ghost of TheWoodenMan the Grappler, a novice TrWr of Ashenzari (D:10)
  2 tengu warriors (D:13)
  2 death yaks (IceCv)
  Nergalle (D:11)
  Sonja (D:13)
  Urug (D:11)
  An unseen horror (D:12)
  A wizard (D:13)
  4 harpies (D:13)
  5 ugly things
  2 manticores
  3 cyclopes
  A kobold demonologist (D:11)
  3 trolls
  12 polar bears (IceCv)
  A hornet (D:10)
  Grinder (D:4)
  A two-headed ogre (D:10)
  A hippogriff (D:10)
  A wyvern (D:12)
  A shadow (D:11)
  The ghost of feelmyfire the Magician, an amateur DECj (D:5)
  A spriggan (D:10)
  A wraith (D:13)
  22 yaks
  Grum (D:10)
  5 vampire mosquitoes
  A mottled dragon (D:11)
  8 ice beasts (D:11)
  2 black bears
  4 sky beasts
  3 necrophages
  5 orc warriors
  2 phantoms
  12 wolves
  3 ogres
  4 centaurs
  2 crocodiles
  9 bullfrogs
  A wyvern zombie (D:12)
  8 scorpions
  3 wights (D:10)
  7 killer bees
  2 howler monkeys (D:7)
  2 centaur zombies
  4 crimson imps
  A bullfrog zombie (D:13)
  9 hounds
  2 jellies
  A quasit (D:8)
  19 orc priests
  A bullfrog skeleton (D:12)
  Crazy Yiuf (D:4)
  6 centaur skeletons
  8 orc wizards
  Jessica (D:3)
  Natasha (thrice) (D:4)
  2 iguanas
  10 worker ants
  A hound zombie (D:5)
  2 hound skeletons
  A howler monkey zombie (D:6)
  2 worker ant zombies
  8 gnolls
  12 adders
  3 shadow imps
  2 oozes (D:3)
  An adder skeleton (D:8)
  2 worms
  A dart slug (D:3)
  A leopard gecko (D:5)
  71 orcs
  2 ball pythons
  10 bats
  9 giant cockroaches
  7 goblins
  3 hobgoblins (D:2)
  2 jackals (D:2)
  5 kobolds
  3 quokkas
  7 frilled lizards
  A leopard gecko skeleton (D:5)
  2 leopard gecko zombies
  A quokka skeleton (D:7)
  3 rats
387 creatures vanquished.

Vanquished Creatures (collateral kills)
  2 tengu warriors (D:13)
  A yak (D:13)
  An orc (D:13)
4 creatures vanquished.

Vanquished Creatures (others)
  3 polar bears (IceCv)
  2 yaks (IceCv)
5 creatures vanquished.

Grand Total: 396 creatures vanquished

Notes
Turn   | Place    | Note
-------+----------+-------------------------------------------
     0 | D:1      | vev the Hill Orc Gladiator began the quest for the Orb.
     0 | D:1      | Reached XP level 1. HP: 18/18 MP: 1/1
   151 | D:1      | Reached XP level 2. HP: 15/25 MP: 2/2
   408 | D:2      | Found a hazy altar of Hepliaklqana.
   454 | D:2      | Reached skill level 3 in Fighting
   454 | D:2      | Reached XP level 3. HP: 21/31 MP: 3/3
   521 | D:2      | Found a shattered altar of Ashenzari.
  1191 | D:3      | Reached skill level 1 in Armour
  1193 | D:3      | Reached skill level 5 in Axes
  1198 | D:3      | HP: 2/31 [gnoll (8)]
  1205 | D:3      | Reached XP level 4. HP: 12/38 MP: 4/4
  1759 | D:3      | Found a sparkling altar of Nemelex Xobeh.
  1835 | D:3      | Noticed Jessica
  1840 | D:3      | Killed Jessica
  1840 | D:3      | Reached skill level 3 in Dodging
  1840 | D:3      | Reached XP level 5. HP: 36/45 MP: 5/5
  1930 | D:3      | Reached skill level 6 in Axes
  1930 | D:3      | Reached skill level 2 in Armour
  2016 | D:3      | Reached skill level 4 in Fighting
  2436 | D:4      | Reached XP level 6. HP: 51/52 MP: 6/6
  2558 | D:4      | Found a runed door.
  2623 | D:4      | Noticed Grinder
  2624 | D:4      | Noticed Natasha
  2634 | D:4      | Killed Natasha
  2638 | D:4      | Paralysed by Grinder for 3 turns
  2642 | D:4      | Paralysed by Grinder for 6 turns
  2650 | D:4      | Paralysed by Grinder for 6 turns
  2655 | D:4      | HP: 3/53 [Grinder (3)]
  2657 | D:4      | HP: 1/79 [centaur skeleton (4)]
  2667 | D:4      | Paralysed by Grinder for 2 turns
  2671 | D:4      | Killed Grinder
  2671 | D:4      | Reached skill level 7 in Axes
  2671 | D:4      | Reached skill level 3 in Armour
  2671 | D:4      | Reached XP level 7. HP: 22/60 MP: 7/7
  3051 | D:4      | Noticed Natasha
  3056 | D:4      | Killed Natasha
  3056 | D:4      | Reached skill level 5 in Fighting
  3083 | D:4      | Noticed Natasha
  3093 | D:5      | Entered Level 5 of the Dungeon
  3599 | D:4      | Killed Natasha
  3675 | D:4      | Reached skill level 8 in Axes
  3875 | D:4      | Noticed Crazy Yiuf
  3881 | D:4      | Killed Crazy Yiuf
  3953 | D:5      | Reached skill level 4 in Dodging
  4127 | D:5      | Found a runed door.
  4144 | D:5      | Found a runed door.
  4165 | D:5      | Reached XP level 8. HP: 69/69 MP: 8/8
  4189 | D:5      | Reached skill level 4 in Armour
  4403 | D:5      | Reached skill level 9 in Axes
  4551 | D:5      | Reached skill level 6 in Fighting
  4896 | D:5      | Noticed feelmyfire's ghost (amateur DECj)
  4906 | D:5      | Killed feelmyfire's ghost
  5149 | D:6      | Reached skill level 10 in Axes
  5149 | D:6      | Reached XP level 9. HP: 64/78 MP: 9/9
  5330 | D:6      | Reached skill level 5 in Armour
  5330 | D:6      | Reached skill level 5 in Dodging
  5840 | D:7      | Reached skill level 7 in Fighting
  5853 | D:7      | Found a staircase to the Ecumenical Temple.
  5917 | Temple   | Entered the Ecumenical Temple
  5998 | Temple   | Became a worshipper of Makhleb the Destroyer
  6074 | D:7      | Found a blossoming altar of Fedhas.
  6182 | D:7      | Reached skill level 11 in Axes
  6683 | D:7      | Reached skill level 6 in Armour
  6763 | D:7      | Reached skill level 1 in Invocations
  6931 | D:8      | Reached * piety under Makhleb
  7176 | D:8      | Found a glowing golden altar of the Shining One.
  7246 | D:8      | Reached skill level 2 in Invocations
  7425 | D:8      | Reached XP level 10. HP: 88/88 MP: 11/11
  7677 | D:9      | Reached skill level 8 in Fighting
  7677 | D:9      | Reached skill level 12 in Axes
  7677 | D:9      | Reached skill level 3 in Invocations
  8103 | D:10     | Entered Level 10 of the Dungeon
  8146 | D:10     | Reached skill level 4 in Invocations
  8171 | D:10     | Noticed TheWoodenMan's ghost (novice TrWr)
  8974 | D:10     | Noticed Grum
  9006 | D:10     | Reached ** piety under Makhleb
  9031 | D:10     | Killed Grum
  9080 | D:10     | Reached skill level 5 in Invocations
  9130 | D:10     | Reached skill level 7 in Armour
  9157 | D:10     | Reached skill level 6 in Dodging
  9181 | D:10     | Reached skill level 6 in Invocations
  9237 | D:10     | Found a staircase to the Lair.
  9325 | D:10     | Found a staircase to the Orcish Mines.
  9360 | D:10     | Found Ziavi Lyku's Assorted Antiques.
  9403 | D:10     | Reached skill level 9 in Fighting
  9409 | D:10     | Reached XP level 11. HP: 21/96 MP: 15/15
  9413 | D:10     | Reached skill level 13 in Axes
  9662 | D:10     | Bought a fine chain mail for 237 gold pieces
  9672 | D:10     | Identified the +6 chain mail of the Serpent {rPois Str+3 Int-4} (You bought it in a shop on level 10 of the Dungeon)
  9825 | D:10     | Reached *** piety under Makhleb
 10027 | D:10     | Killed TheWoodenMan's ghost
 10027 | D:10     | Reached skill level 7 in Invocations
 10393 | D:11     | Noticed Urug
 10394 | D:11     | Noticed a brown ugly thing
 10409 | D:11     | Killed a brown ugly thing
 10437 | D:11     | Killed Urug
 10716 | D:11     | Noticed Nergalle
 10718 | D:11     | Noticed a spectral orc warlord
 10736 | D:11     | Killed Nergalle
 10736 | D:11     | Reached skill level 8 in Invocations
 10752 | D:11     | Reached skill level 8 in Armour
 10826 | D:11     | Found a frozen archway.
 10905 | IceCv    | Entered an ice cave
 11170 | IceCv    | Reached skill level 14 in Axes
 11588 | IceCv    | Reached **** piety under Makhleb
 11588 | IceCv    | Reached skill level 9 in Invocations
 11843 | IceCv    | Reached skill level 10 in Fighting
 11847 | IceCv    | Noticed a death yak
 11866 | IceCv    | Killed a death yak
 11866 | IceCv    | Reached XP level 12. HP: 46/106 MP: 17/19
 11869 | IceCv    | Reached skill level 7 in Dodging
 12210 | IceCv    | Reached skill level 10 in Invocations
 12492 | IceCv    | Noticed a white draconian
 12493 | IceCv    | Noticed a death yak
 12502 | IceCv    | Reached skill level 9 in Armour
 12512 | IceCv    | Killed a death yak
 12512 | IceCv    | Reached skill level 15 in Axes
 12526 | IceCv    | Killed a white draconian
 13239 | D:11     | Noticed grisgris's ghost (journeyman MiMo)
 13258 | D:11     | Killed grisgris's ghost
 13623 | D:12     | Found Abannile's Jewellery Boutique.
 13649 | D:12     | Reached skill level 11 in Invocations
 13767 | D:12     | Reached ***** piety under Makhleb
 13901 | D:12     | Reached XP level 13. HP: 112/115 MP: 21/21
 14418 | D:12     | Reached skill level 11 in Fighting
 14719 | D:13     | Reached skill level 16 in Axes
 14719 | D:13     | Reached skill level 12 in Invocations
 14925 | D:13     | Noticed Sonja
 14933 | D:13     | Reached skill level 8 in Dodging
 14934 | D:13     | Reached skill level 10 in Armour
 14943 | D:13     | Killed Sonja
 15058 | D:13     | Noticed a vault guard
 15058 | D:13     | Noticed a vault guard
 15071 | D:13     | Noticed a vault guard
 15074 | D:13     | Noticed a vault guard
 15075 | D:13     | Noticed a vault guard
 15084 | D:13     | HP: 9/115 [vault guard/broad axe (8)]
 15099 | D:13     | Slain by a vault guard

Skill      XL: |  1  2  3  4  5  6  7  8  9 10 11 12 13 |
---------------+----------------------------------------+-----
Fighting       | 3 4 5 6 7 9 10 11 | 11.4
Armour         | 1 2 3 4 6 7 8 9 10 | 10.1
Axes           | 5 6 7 8 10 11 12 14 15 16 | 16.4
Dodging        | 3 4 5 6 7 8 |  8.2
Invocations    | 2 6 9 11 12 | 12.6
Throwing       | |  1.7

Action                   |  1- 3 |  4- 6 |  7- 9 | 10-12 | 13-15 || total
-------------------------+-------+-------+-------+-------+-------++-------
Melee: War axe           |    77 |   125 |   343 |   764 |       ||  1309
       Battleaxe         |       |       |       |    97 |   139 ||   236
Throw: Throwing net      |       |     4 |     3 |     2 |       ||     9
Invok: Lesser Servant of |       |       |       |       |     5 ||     5
Evoke: Wand              |       |     5 |       |       |     7 ||    12
  Use: Potion            |     2 |     2 |     4 |     8 |     3 ||    19
       Scroll            |       |       |    12 |    11 |       ||    23
 Stab: Held in net/web   |       |     1 |     3 |       |       ||     4
       Invisible         |       |       |       |     1 |       ||     1
       Paralysed         |       |       |       |       |     2 ||     2
       Distracted        |       |       |       |       |     1 ||     1
  Eat: Chunk             |     1 |     5 |    14 |    19 |     2 ||    41
       Fruit             |       |       |     1 |       |       ||     1
       Meat ration       |       |       |       |     1 |       ||     1
Armor: Leather armour    |    20 |     1 |       |       |       ||    21
       Skin              |     7 |    11 |    43 |    41 |       ||   102
       Ring mail         |       |    51 |     6 |       |       ||    57
       Scale mail        |       |       |    45 |       |       ||    45
       Chain mail        |       |       |    73 |   502 |   129 ||   704
Dodge: Dodged            |    55 |    88 |   179 |   378 |   108 ||   808
